SAAA
PHOENIX HOTSPUR RESERVES @ NAPERVILLE BATTLEKINGS
09/13/2025
 
TOP OF THE 1ST
Phoenix Hotspur Reserves batting - Pitching for Naperville Battlekings : RHP Javier Dávila
Pitching: RHP Javier Dávila
Batting: RHB Wilson Castillo 0-0: Ball
1-0: Called Strike
1-1: Swinging Strike
1-2: Ball
2-2: Ball
3-2: Strikes out looking
Batting: RHB Jesús Álvarez 0-0: Ball
1-0: Called Strike
1-1: Ball
2-1: Ball
3-1: Base on Balls
Batting: RHB Satoshi Terada 0-0: Called Strike
0-1: Called Strike
0-2: Fly out, F4 (Popup, 4M)
Batting: RHB John Moore 0-0: Ball
1-0: Foul Ball, location: 2F
1-1: Ball
2-1: Ball
3-1: Base on Balls
Jesús Álvarez to second
Batting: RHB Alex Niemann 0-0: Called Strike
0-1: Fielders Choice at 2nd, 5-4 (Groundball, 56)
Top of the 1st over - 0 run(s), 0 hit(s), 0 error(s), 1 left on base; Phoenix 0 - Naperville 0
BOTTOM OF THE 1ST
Naperville Battlekings batting - Pitching for Phoenix Hotspur Reserves : LHP Alejandro Guerra
Pitching: LHP Alejandro Guerra
Batting: RHB Miguel Rodríguez 0-0: Foul Ball, location: 2F
0-1: Fly out, F8 (Flyball, 8RD)
Batting: LHB Jim Unknown 0-0: Called Strike
0-1: Ball
1-1: Fly out, F5 (Popup, 56)
Batting: RHB Álex Rodríguez 0-0: Swinging Strike
0-1: SINGLE (Line Drive, 6D)
Batting: RHB Jorge Baker 0-0: Ball
1-0: Fly out, F8 (Flyball, 8LM)
Bottom of the 1st over - 0 run(s), 1 hit(s), 0 error(s), 1 left on base; Phoenix 0 - Naperville 0
TOP OF THE 2ND
Phoenix Hotspur Reserves batting - Pitching for Naperville Battlekings : RHP Javier Dávila
Batting: SHB Jesús González 0-0: Fly out, F8 (Flyball, 8LS)
Batting: RHB Jesús Mejía 0-0: Foul Ball, location: 2F
0-1: Ball
1-1: Ball
2-1: Swinging Strike
2-2: Strikes out swinging
Batting: SHB Roberto López 0-0: Called Strike
0-1: Called Strike
0-2: SINGLE (Groundball, 4) (infield hit)
Batting: LHB Clark Espinosa 0-0: Called Strike
0-1: Ball
1-1: Foul Ball, location: 2F
1-2: Strikes out swinging
Top of the 2nd over - 0 run(s), 1 hit(s), 0 error(s), 1 left on base; Phoenix 0 - Naperville 0
BOTTOM OF THE 2ND
Naperville Battlekings batting - Pitching for Phoenix Hotspur Reserves : LHP Alejandro Guerra
Batting: LHB Naohiro Sakai 0-0: Called Strike
0-1: Ball
1-1: Fly out, F8 (Flyball, 8RM)
Batting: RHB Edward Payne 0-0: Called Strike
0-1: Foul Ball, location: 2F
0-2: Ground out 4-3 (Groundball, 4)
Batting: LHB Philip Strickland 0-0: Ball
1-0: Ball
2-0: Swinging Strike
2-1: DOUBLE (Groundball, 3L)
Batting: RHB Jimmy Dawson 0-0: Foul Ball, location: 2F
0-1: Ball
1-1: Ground out 6-3 (Groundball, 6M)
Bottom of the 2nd over - 0 run(s), 1 hit(s), 0 error(s), 1 left on base; Phoenix 0 - Naperville 0
TOP OF THE 3RD
Phoenix Hotspur Reserves batting - Pitching for Naperville Battlekings : RHP Javier Dávila
Batting: RHB Wilson Castillo 0-0: Foul Ball, location: 2F
0-1: Ball
1-1: Fly out, F6 (Line Drive, 6M)
Batting: RHB Jesús Álvarez 0-0: Ball
1-0: Ball
2-0: Called Strike
2-1: Ball
3-1: Foul Ball, location: 2F
3-2: Fly out, F4 (Popup, 4)
Batting: RHB Satoshi Terada 0-0: Ball
1-0: Ground out 1-3 (Groundball, 13)
Top of the 3rd over - 0 run(s), 0 hit(s), 0 error(s), 0 left on base; Phoenix 0 - Naperville 0
BOTTOM OF THE 3RD
Naperville Battlekings batting - Pitching for Phoenix Hotspur Reserves : LHP Alejandro Guerra
Batting: RHB Kevin Tyler 0-0: Called Strike
0-1: Ball
1-1: Ground out 4-3 (Groundball, 4)
Batting: RHB Miguel Rodríguez 0-0: Ball
1-0: Fly out, F8 (Flyball, 89M)
Batting: LHB Jim Unknown 0-0: Ball
1-0: Called Strike
1-1: Called Strike
1-2: Foul Ball, location: 2F
1-2: Strikes out swinging
Bottom of the 3rd over - 0 run(s), 0 hit(s), 0 error(s), 0 left on base; Phoenix 0 - Naperville 0
TOP OF THE 4TH
Phoenix Hotspur Reserves batting - Pitching for Naperville Battlekings : RHP Javier Dávila
Batting: RHB John Moore 0-0: Called Strike
0-1: Swinging Strike
0-2: Ball
1-2: Ground out U3 (Groundball, 3)
Batting: RHB Alex Niemann 0-0: Foul Ball, location: 2F
0-1: Fly out, F8 (Flyball, 89M)
Batting: SHB Jesús González 0-0: Called Strike
0-1: Ball
1-1: Foul Ball, location: 2F
1-2: Ball
2-2: Ball
3-2: Foul Ball, location: 2F
3-2: SINGLE (Groundball, 4MD)
Batting: RHB Jesús Mejía 0-0: Ball
1-0: Ball
2-0: Ball
3-0: Foul Ball, location: 2F
3-1: Base on Balls
Jesús González to second
Batting: SHB Roberto López 0-0: Ground out 3-1 (Groundball, 34)
Top of the 4th over - 0 run(s), 1 hit(s), 0 error(s), 2 left on base; Phoenix 0 - Naperville 0
BOTTOM OF THE 4TH
Naperville Battlekings batting - Pitching for Phoenix Hotspur Reserves : LHP Alejandro Guerra
Batting: RHB Álex Rodríguez 0-0: SINGLE (Groundball, 34D)
Batting: RHB Jorge Baker 0-0: Ball
1-0: SINGLE (Line Drive, 7LS)
Álex Rodríguez to second
Batting: LHB Naohiro Sakai 0-0: Foul Ball, location: 2F
0-1: Called Strike
0-2: Strikes out looking
Batting: RHB Edward Payne 0-0: Called Strike
0-1: Ball
1-1: Foul Ball, location: 2F
1-2: SINGLE (Groundball, 4D)
Álex Rodríguez to third
Jorge Baker to second
Runner from 3rd tries for Home, SAFE, throw made home
Batting: LHB Philip Strickland 0-0: Ball
1-0: Ball
2-0: Fielders Choice at 2nd, 3-6 (Groundball, 34)
Jorge Baker to third
Batting: RHB Jimmy Dawson 0-0: Ball
1-0: Ball
2-0: Called Strike
2-1: Called Strike
2-2: Foul Ball, location: 2F
2-2: Ball
3-2: SINGLE (Line Drive, 56D)
Jorge Baker scores
Philip Strickland to second
Philip Strickland to third
Batting: RHB Kevin Tyler 0-0: Swinging Strike
0-1: Ball
1-1: Swinging Strike
1-2: Ball
2-2: Ball
3-2: Strikes out swinging
Bottom of the 4th over - 2 run(s), 4 hit(s), 0 error(s), 2 left on base; Phoenix 0 - Naperville 2
TOP OF THE 5TH
Phoenix Hotspur Reserves batting - Pitching for Naperville Battlekings : RHP Javier Dávila
Batting: LHB Clark Espinosa 0-0: Ground out U3 (Groundball, 3L)
Batting: RHB Wilson Castillo 0-0: Fly out, F7 (Flyball, 78M)
Batting: RHB Jesús Álvarez 0-0: Foul Ball, location: 2F
0-1: Called Strike
0-2: Foul Ball, location: 2F
0-2: Foul Ball, location: 2F
0-2: Foul Ball, location: 2F
0-2: Ball
1-2: Ball
2-2: Fly out, F9 (Flyball, 9)
Top of the 5th over - 0 run(s), 0 hit(s), 0 error(s), 0 left on base; Phoenix 0 - Naperville 2
BOTTOM OF THE 5TH
Naperville Battlekings batting - Pitching for Phoenix Hotspur Reserves : LHP Alejandro Guerra
Batting: RHB Miguel Rodríguez 0-0: Foul Ball, location: 2F
0-1: Fly out, F4 (Popup, 4D)
Batting: LHB Jim Unknown 0-0: Ball
1-0: Called Strike
1-1: Swinging Strike
1-2: Strikes out swinging
Batting: RHB Álex Rodríguez 0-0: Called Strike
0-1: Ball
1-1: Ball
2-1: Ground out 6-3 (Groundball, 6)
Bottom of the 5th over - 0 run(s), 0 hit(s), 0 error(s), 0 left on base; Phoenix 0 - Naperville 2
TOP OF THE 6TH
Phoenix Hotspur Reserves batting - Pitching for Naperville Battlekings : RHP Javier Dávila
Batting: RHB Satoshi Terada 0-0: Called Strike
0-1: Foul Ball, location: 2F
0-2: Strikes out swinging
Batting: RHB John Moore 0-0: Ball
1-0: Foul Ball, location: 2F
1-1: Foul Ball, location: 2F
1-2: SINGLE (Line Drive, 6D)
Batting: RHB Alex Niemann 0-0: Ball
1-0: Swinging Strike
1-1: Ball
2-1: Ball
3-1: Fly out, F8 (Flyball, 8RM)
Batting: SHB Jesús González 0-0: Called Strike
0-1: Called Strike
0-2: Foul Ball, location: 2F
0-2: Ball
1-2: Ball
2-2: Foul Ball, location: 2F
2-2: Ball
John Moore steals 2nd base
3-2: Ground out U3 (Groundball, 34)
Top of the 6th over - 0 run(s), 1 hit(s), 0 error(s), 1 left on base; Phoenix 0 - Naperville 2
BOTTOM OF THE 6TH
Naperville Battlekings batting - Pitching for Phoenix Hotspur Reserves : LHP Alejandro Guerra
Batting: RHB Jorge Baker 0-0: Ball
1-0: Called Strike
1-1: Ball
2-1: Ball
3-1: Swinging Strike
3-2: Base on Balls
Batting: LHB Naohiro Sakai 0-0: Fly out, F3 (Line Drive, 3)
Batting: RHB Edward Payne 0-0: Swinging Strike
0-1: Ball
1-1: Called Strike
1-2: Ball
2-2: Ball
3-2: Foul Ball, location: 2F
3-2: SINGLE (Line Drive, 4D)
Jorge Baker to second
Batting: LHB Philip Strickland 0-0: Called Strike
0-1: Ball
1-1: Foul Ball, location: 2F
1-2: Ball
2-2: Foul Ball, location: 2F
2-2: Foul Ball, location: 2F
2-2: Strikes out swinging
Batting: RHB Jimmy Dawson 0-0: Ball
1-0: Called Strike
1-1: Swinging Strike
1-2: Ball
2-2: Foul Ball, location: 2F
2-2: Strikes out looking
Bottom of the 6th over - 0 run(s), 1 hit(s), 0 error(s), 2 left on base; Phoenix 0 - Naperville 2
TOP OF THE 7TH
Phoenix Hotspur Reserves batting - Pitching for Naperville Battlekings : RHP Javier Dávila
Batting: RHB Jesús Mejía 0-0: Called Strike
0-1: Ball
1-1: Ball
2-1: Fly out, F4 (Line Drive, 34)
Batting: SHB Roberto López 0-0: Fly out, F7 (Flyball, 7S)
Batting: LHB Clark Espinosa 0-0: Ball
1-0: Ball
2-0: Ball
3-0: Base on Balls
Batting: RHB Wilson Castillo 0-0: Ball
1-0: Ball
2-0: Ball
3-0: Called Strike
3-1: Base on Balls
Clark Espinosa to second
Batting: RHB Jesús Álvarez 0-0: Ball
1-0: Swinging Strike
1-1: Fielders Choice at 2nd, 4-6 (Groundball, 4)
Top of the 7th over - 0 run(s), 0 hit(s), 0 error(s), 1 left on base; Phoenix 0 - Naperville 2
BOTTOM OF THE 7TH
Naperville Battlekings batting - Pitching for Phoenix Hotspur Reserves : LHP Alejandro Guerra
Batting: RHB Kevin Tyler 0-0: Ball
1-0: Ball
2-0: Swinging Strike
2-1: Swinging Strike
2-2: Ball
3-2: Strikes out swinging
Batting: RHB Miguel Rodríguez 0-0: Ground out 5-3 (Groundball, 56)
Batting: LHB Jim Unknown 0-0: Ground out 6-3 (Groundball, 6)
Bottom of the 7th over - 0 run(s), 0 hit(s), 0 error(s), 0 left on base; Phoenix 0 - Naperville 2
TOP OF THE 8TH
Phoenix Hotspur Reserves batting - Pitching for Naperville Battlekings : RHP Javier Dávila
Batting: RHB Satoshi Terada 0-0: Swinging Strike
0-1: Ball
1-1: SINGLE (Groundball, 56D)
Batting: RHB John Moore 0-0: Ball
1-0: Ball
2-0: Called Strike
2-1: Ball
3-1: Foul Ball, location: 2F
3-2: TRIPLE (Line Drive, 3L)
Satoshi Terada scores
Batting: RHB Alex Niemann 0-0: Called Strike
0-1: Ball
1-1: Ground out 4-3 (Groundball, 4M)
Pitching: RHP Jorge Vázquez
Batting: SHB Jesús González 0-0: Foul Ball, location: 2F
0-1: Swinging Strike
0-2: Ball
1-2: Ball
2-2: SINGLE (Flyball, 78S)
John Moore scores
Batting: RHB Jesús Mejía 0-0: Ball
1-0: Swinging Strike
1-1: Foul Ball, location: 2F
1-2: Ball
2-2: Ball
3-2: Strikes out swinging
Batting: SHB Roberto López 0-0: Ball
1-0: SINGLE (Flyball, 89S)
Jesús González to second
Runner from 2nd tries for 3rd, SAFE, no throw
Batting: LHB Clark Espinosa 0-0: Ball
1-0: Called Strike
1-1: Foul Ball, location: 2F
1-2: Fly out, F9 (Line Drive, 9)
Top of the 8th over - 2 run(s), 4 hit(s), 0 error(s), 2 left on base; Phoenix 2 - Naperville 2
BOTTOM OF THE 8TH
Naperville Battlekings batting - Pitching for Phoenix Hotspur Reserves : LHP Alejandro Guerra
Pinch Hitting: RHB António Guzmán 0-0: Ball
1-0: Swinging Strike
1-1: Called Strike
1-2: Ball
2-2: Ball
3-2: Foul Ball, location: 2F
3-2: Foul Ball, location: 2F
3-2: Strikes out swinging
Pitching: RHP Pat McCormick
Batting: RHB Jorge Baker 0-0: Foul Ball, location: 2F
0-1: Ball
1-1: Ground out 5-3 (Groundball, 56S)
Batting: LHB Naohiro Sakai 0-0: Fly out, F8 (Line Drive, 8RM)
Bottom of the 8th over - 0 run(s), 0 hit(s), 0 error(s), 0 left on base; Phoenix 2 - Naperville 2
TOP OF THE 9TH
Phoenix Hotspur Reserves batting - Pitching for Naperville Battlekings : RHP Jorge Vázquez
Pitching: RHP William Taylor
Now at 3B: Jack Mason
Pinch Hitting: RHB Júlio Mateo 0-0: Called Strike
0-1: Hit by Pitch
Batting: RHB Jesús Álvarez 0-0: Ball
1-0: Sac Bunt - play at second, runner OUT! 1-6
Batting: RHB Satoshi Terada 0-0: Ball
1-0: Called Strike
1-1: Ball
2-1: Ball
3-1: Foul Ball, location: 2F
3-2: Reached on error, E9 (Flyball, 9S)
Jesús Álvarez to second
Batting: RHB John Moore 0-0: Called Strike
0-1: Called Strike
0-2: Ball
1-2: Foul Ball, location: 2F
1-2: Fielders Choice at 2nd, 6-4 (Groundball, 6)
Jesús Álvarez to third
Batting: RHB Alex Niemann 0-0: Ball
1-0: Foul Ball, location: 2F
1-1: Ball
2-1: Swinging Strike
2-2: Foul Ball, location: 2F
2-2: Fielders Choice at 2nd, 6-4 (Groundball, 6)
Top of the 9th over - 0 run(s), 0 hit(s), 1 error(s), 1 left on base; Phoenix 2 - Naperville 2
BOTTOM OF THE 9TH
Naperville Battlekings batting - Pitching for Phoenix Hotspur Reserves : RHP Pat McCormick
Pitching: RHP Adam Garrison
Now in CF: Javier González
Batting: RHB Edward Payne 0-0: Called Strike
0-1: Called Strike
0-2: Ball
1-2: Ball
2-2: Foul Ball, location: 2F
2-2: Ball
3-2: Fly out, F9 (Line Drive, 9)
Batting: LHB Philip Strickland 0-0: Ball
1-0: Ball
2-0: Fly out, F4 (Popup, 4)
Pinch Hitting: RHB Jim Unknown 0-0: Ground out 4-3 (Groundball, 4M)
Bottom of the 9th over - 0 run(s), 0 hit(s), 0 error(s), 0 left on base; Phoenix 2 - Naperville 2
TOP OF THE 10TH
Phoenix Hotspur Reserves batting - Pitching for Naperville Battlekings : RHP William Taylor
Now at 3B: Jim Unknown
Batting: SHB Jesús González 0-0: Swinging Strike
0-1: Ball
1-1: Called Strike
1-2: Ball
2-2: Ball
3-2: Foul Ball, location: 2F
3-2: Foul Ball, location: 2F
3-2: Strikes out swinging
Batting: RHB Jesús Mejía 0-0: Fly out, F8 (Line Drive, 8LM)
Batting: SHB Roberto López 0-0: Ball
1-0: Foul Ball, location: 2F
1-1: Fly out, F8 (Flyball, 78D)
Top of the 10th over - 0 run(s), 0 hit(s), 0 error(s), 0 left on base; Phoenix 2 - Naperville 2
BOTTOM OF THE 10TH
Naperville Battlekings batting - Pitching for Phoenix Hotspur Reserves : RHP Adam Garrison
Batting: RHB Kevin Tyler 0-0: Swinging Strike
0-1: Foul Ball, location: 2F
0-2: Strikes out swinging
Batting: RHB Miguel Rodríguez 0-0: Foul Ball, location: 2F
0-1: Ground out 6-3 (Groundball, 6)
Batting: LHB Jim Unknown 0-0: Ball
1-0: Foul Ball, location: 2F
1-1: Foul Ball, location: 2F
1-2: Foul Ball, location: 2F
1-2: Ball
2-2: Foul Ball, location: 2F
2-2: Ground out 4-3 (Groundball, 4)
Bottom of the 10th over - 0 run(s), 0 hit(s), 0 error(s), 0 left on base; Phoenix 2 - Naperville 2
TOP OF THE 11TH
Phoenix Hotspur Reserves batting - Pitching for Naperville Battlekings : RHP William Taylor
Batting: LHB Clark Espinosa 0-0: Ball
1-0: Foul Ball, location: 2F
1-1: Ground out U3 (Groundball, 3L)
Pinch Hitting: LHB Jim Unknown 0-0: Ball
1-0: Ball
2-0: Ground out 1-3 (Groundball, 13S)
Batting: RHB Jesús Álvarez 0-0: Ball
1-0: Fly out, F7 (Flyball, 78M)
Top of the 11th over - 0 run(s), 0 hit(s), 0 error(s), 0 left on base; Phoenix 2 - Naperville 2
BOTTOM OF THE 11TH
Naperville Battlekings batting - Pitching for Phoenix Hotspur Reserves : RHP Adam Garrison
Pitching: RHP Rewa Malaki
Now in RF: Jim Unknown
Batting: LHB Jack Mason 0-0: Called Strike
0-1: Ball
1-1: Fly out, F9 (Flyball, 89M)
Batting: RHB Jorge Baker 0-0: SINGLE (Flyball, 89S)
Batting: LHB Naohiro Sakai 0-0: Foul Ball, location: 2F
0-1: Swinging Strike
0-2: Ball
1-2: Ball
2-2: Fly out, F6 (Popup, 6)
Batting: RHB Edward Payne 0-0: Called Strike
0-1: Fly out, F7 (Flyball, 7S)
Bottom of the 11th over - 0 run(s), 1 hit(s), 0 error(s), 1 left on base; Phoenix 2 - Naperville 2
TOP OF THE 12TH
Phoenix Hotspur Reserves batting - Pitching for Naperville Battlekings : RHP William Taylor
Batting: RHB Satoshi Terada 0-0: Ball
1-0: Foul Ball, location: 2F
1-1: Reached on error, E6 (Groundball, 6)
Batting: RHB John Moore 0-0: Ball
1-0: 2-RUN HOME RUN (Flyball, 7D) (Inside the Park)
Pitching: RHP Willis Parker
Batting: RHB Alex Niemann 0-0: Called Strike
0-1: Called Strike
0-2: Foul Ball, location: 2F
0-2: Ground out 5-3 (Groundball, 56)
Batting: SHB Jesús González 0-0: Ball
1-0: Fly out, F8 (Flyball, 89M)
Batting: RHB Jesús Mejía 0-0: Ball
1-0: Ball
2-0: Foul Ball, location: 2F
2-1: Ball
3-1: Foul Ball, location: 2F
3-2: Base on Balls
Batting: SHB Roberto López 0-0: Called Strike
0-1: Called Strike
0-2: Ground out 4-3 (Groundball, 34)
Top of the 12th over - 2 run(s), 1 hit(s), 1 error(s), 1 left on base; Phoenix 4 - Naperville 2
BOTTOM OF THE 12TH
Naperville Battlekings batting - Pitching for Phoenix Hotspur Reserves : RHP Rewa Malaki
Batting: LHB Philip Strickland 0-0: Swinging Strike
0-1: Foul Ball, location: 2F
0-2: Foul Ball, location: 2F
0-2: Foul Ball, location: 2F
0-2: Foul Ball, location: 2F
0-2: Ball
1-2: Fly out, F7 (Flyball, 7)
Batting: RHB Jim Unknown 0-0: Foul Ball, location: 2F
0-1: Ball
1-1: Ball
2-1: Ground out 4-3 (Groundball, 4S)
Batting: RHB Kevin Tyler 0-0: Ball
1-0: Ball
2-0: SINGLE (Line Drive, 89S)
Batting: RHB Miguel Rodríguez 0-0: Ball
1-0: Foul Ball, location: 2F
1-1: Foul Ball, location: 2F
1-2: Fielders Choice at 2nd, 6-4 (Groundball, 6)
Bottom of the 12th over - 0 run(s), 1 hit(s), 0 error(s), 0 left on base; Phoenix 4 - Naperville 2
Friday, December 30th, 2016 - OOTP Baseball 17.12 Build 75